 Dungeon Crawl Stone Soup version 0.30-a0-879-ga8ba668304 (webtiles) character file.

Game seed: 7131698549651966372

595 Lavandula the Gusty (level 7, -1/46 HPs)
             Began as a Human Air Elementalist on Mar 13, 2023.
             Slain by a hound (4 damage)
             ... on level 5 of the Dungeon.
             The game lasted 00:13:03 (4852 turns).

Lavandula the Gusty (Human Air Elementalist)        Turns: 4852, Time: 00:13:03

Health: -1/46      AC:  3    Str:  7    XL:     7   Next: 67%
Magic:  1/9        EV: 12    Int: 17    God:
Gold:   345        SH:  0    Dex: 13    Spells: 3/10 levels left

rFire   . . .      SeeInvis +    p - +1 dagger (venom)
rCold   . . .      Faith    .    (no shield)
rNeg    . . .      Spirit   .    a - +0 robe
rPois   +          Reflect  .    (no helmet)
rElec   .          Rampage  .    (no cloak)
rCorr   +                        k - +0 pair of gloves
Will    .....                    (no boots)
Stlth   ++                       (no amulet)
HPRegen 0.27/turn                d - ring of resist corrosion
MPRegen 0.11/turn                A - ring of poison resistance

@: invisible
A: see invisible, low MP 1, weak 1, wild magic 1
a: no special abilities


You were on level 5 of the Dungeon.
You visited 2 branches of the dungeon, and saw 6 of its levels.
You also visited: Ossuary.

You collected 435 gold pieces.
You spent 90 gold pieces at shops.

Inventory:

Hand Weapons
 p - a +1 dagger of venom (weapon)
Armour
 a - a +0 robe (worn)
 k - a +0 pair of gloves (worn)
Jewellery
 d - a ring of resist corrosion (left hand)
 m - a ring of flight
 A - a ring of poison resistance (right hand)
Scrolls
 c - 2 scrolls of blinking
 h - a scroll of fear
 l - 2 scrolls of poison {unknown}
 r - a scroll of silence {unknown}
 s - 2 scrolls of teleportation {unknown}
 v - a scroll of summoning {unknown}
 x - a scroll of fog {unknown}
 y - a scroll of amnesia {unknown}
 z - a scroll of noise {unknown}
Potions
 b - a potion of magic
 f - a potion of resistance {unknown}
 g - 2 potions of cancellation
 i - 4 potions of flight
 j - a potion of might
 n - 2 potions of mutation
 o - 2 potions of attraction {unknown}
 q - 2 potions of brilliance {unknown}
 t - 3 potions of lignification {unknown}
 u - 2 potions of haste {unknown}
 w - 2 potions of curing {unknown}


   Skills:
 - Level 4.5 Short Blades
 - Level 2.0 Dodging
 - Level 2.0 Stealth
 - Level 2.0 Spellcasting
 - Level 1.0 Conjurations
 + Level 6.7 Air Magic


You had 3 spell levels left.
You knew the following spells:

 Your Spells              Type           Power      Damage    Failure   Level
a - Shock                 Conj/Air       76%        1d7       7%          1
b - Static Discharge      Conj/Air       38%        2-4/arc   10%         2
c - Airstrike             Air            16%        2d(3-19)  17%         4

Your spell library contained the following spells:

 Spells                   Type           Power      Damage    Failure   Level
 Swiftness                Air            32%        N/A       6%          3
 Poisonous Vapours        Pois/Air       34%        N/A       12%         2
 Cigotuvi's Dreadful Rot  Necr/Pois/Air  24%        N/A       17%         2
 Magic Dart               Conj           24%        1d4       19%         1
 Foxfire                  Conj/Fire      16%        2x1d4     22%         1
 Freeze                   Ice            8%         1d3       26%         1
 Searing Ray              Conj           12%        2d4       26%         2
 Mephitic Cloud           Conj/Pois/Air  13%        N/A       28%         3
 Momentum Strike          Conj/Tloc      8%         3d8       32%         2
 Blink                    Tloc           4%         N/A       36%         2
 Lesser Beckoning         Tloc           4%         N/A       36%         2
 Hailstorm                Conj/Ice       4%         3d4       52%         3
 Frozen Ramparts          Ice            4%         1d1       58%         3
 Fulminant Prism          Conj/Hex       2%         3d5       88%         4
 Ice Form                 Ice/Tmut       2%         N/A       92%         4
 Summon Ice Beast         Ice/Summ       2%         N/A       92%         4
 Fireball                 Conj/Fire      2%         3d4       99%         5
 Starburst                Conj/Fire      2%         6d3       100%        6


Dungeon Overview and Level Annotations

Branches:
Dungeon (5/15)             Temple (1/1) D:4         Ossuary (visited)

Altars:
Ashenzari
Cheibriados
Dithmenos
Elyvilon
Fedhas
Gozag
Hepliaklqana
Kikubaaqudgha
Makhleb
Nemelex Xobeh
Okawaru
Qazlal
Sif Muna
Trog
Uskayaw
Wu Jian
Xom
Yredelemnul
Zin
The Shining One

Shops:
D:4 *

Annotations:
D:2 1 runed translucent door, Crazy Yiuf, Terence


Innate Abilities, Weirdness & Mutations

You have supernaturally acute eyesight. (SInv)
Your magical capacity is low. (-10% MP)
You are weak. (Str -2)
Your spells are a little harder to cast, but a little more powerful.


Message History

The orc priest miscasts a cantrip.
Unknown command.
Unknown command.
Unknown command.
Casting: Static Discharge (safe; 10% risk of failure)
Confirm with . or Enter, or press ? or * to list all spells.
The orc is struck by an arc of lightning.
You kill the orc!
You are struck by an arc of lightning.
The orc priest is struck by an arc of lightning.
The orc priest is severely wounded.
The lightning grounds out.
The hound bites you.
The orc priest begins to cast a cantrip, but forgets the words!
The orc priest hits you with a +0 club.
* * * LOW HITPOINT WARNING * * *
Unknown command.
Unknown command.
Casting: Static Discharge (safe; 10% risk of failure)
Confirm with . or Enter, or press ? or * to list all spells.
The orc is struck by an arc of lightning.
The orc is severely wounded.
You are struck by an arc of lightning.
* * * LOW HITPOINT WARNING * * *
The lightning grounds out.
The hound is struck by an arc of lightning.
The hound is heavily wounded.
You are struck by an arc of lightning.
* * * LOW HITPOINT WARNING * * *
The orc priest is struck by an arc of lightning.
You kill the orc priest!
The lightning grounds out.
The hound closely misses you. The orc hits you with a +0 flail.
* * * LOW HITPOINT WARNING * * *
The orc priest barely misses you.
Unknown command.
You fade into invisibility!
The hound barely misses you.
The hound pauses to sniff the ground.
The hound bites you.
You die...

.# ...... .
...$.#
.##.....#
.......##
##...)....
##.........
##..........
#..h........
#..o@.......
......o)h......
##.#...........
#.#........../
#............#
........##.#.#
........## ####
###..#..#


You could see 2 hounds, an orc priest (unable to see you) and an orc (unable to
see you).

Vanquished Creatures
  An ogre (D:4)
  A scorpion (D:4)
  2 hounds (D:4)
  2 orc priests
  Jessica (D:2)
  8 mummies (Ossuary)
  4 gnolls (D:3)
  5 adders
  A white imp (D:4)
  2 ufetubi
  A worm (D:3)
  3 dart slugs
  9 orcs
  6 bats
  5 endoplasms
  A giant cockroach (D:3)
  9 goblins
  7 hobgoblins
  8 kobolds
  A quokka (D:4)
  9 ball pythons
  2 frilled lizards
  A hobgoblin zombie (Ossuary)
  4 kobold zombies (Ossuary)
  3 orc zombies (Ossuary)
  5 rats
101 creatures vanquished.

Vanquished Creatures (others)
  4 plants (D:4)
4 creatures vanquished.

Grand Total: 105 creatures vanquished

Notes
Turn   | Place    | Note
-------+----------+-------------------------------------------
     0 | D:1      | Lavandula the Human Air Elementalist began the quest for
                  | the Orb.
     0 | D:1      | Reached XP level 1. HP: 13/13 MP: 3/3
   364 | D:1      | Reached XP level 2. HP: 17/19 MP: 0/5
   729 | D:1      | Learned a level 2 spell: Static Discharge
  1184 | D:2      | Reached skill level 4 in Air Magic
  1184 | D:2      | Reached XP level 3. HP: 24/24 MP: 3/6
  1448 | D:2      | Noticed Jessica
  1457 | D:2      | Killed Jessica
  1458 | D:2      | Reached XP level 4. HP: 28/30 MP: 3/7
  1512 | D:2      | Noticed Terence
  1526 | D:3      | Gained mutation: Your magical capacity is low. (-10% MP)
                  | [potion of mutation]
  1526 | D:3      | Gained mutation: You have supernaturally acute eyesight.
                  | (SInv) [potion of mutation]
  1526 | D:3      | Gained mutation: You are weak. (Str -2) [potion of
                  | mutation]
  1526 | D:3      | Gained mutation: Your spells are a little harder to cast,
                  | but a little more powerful. [potion of mutation]
  1527 | D:3      | HP: 1/30 [poisoned by Terence]
  1832 | D:2      | Found a runed translucent door.
  1833 | D:2      | Noticed Crazy Yiuf
  2032 | D:2      | Learned a level 4 spell: Airstrike
  2080 | D:2      | Reached skill level 1 in Short Blades
  2496 | D:3      | Reached XP level 5. HP: 29/35 MP: 3/7
  2786 | D:3      | Found a glowing golden altar of the Shining One.
  2799 | D:3      | Found a stormy altar of Qazlal.
  3092 | D:4      | Found Unnig's General Store.
  3105 | D:4      | Reached XP level 6. HP: 28/41 MP: 2/8
  3107 | D:4      | Bought a scroll of blinking for 90 gold pieces
  3251 | D:4      | Found a staircase to the Ecumenical Temple.
  3258 | Temple   | Entered the Ecumenical Temple
  3409 | D:4      | Noticed an ogre
  3419 | D:4      | Killed an ogre
  3420 | D:4      | Reached skill level 5 in Air Magic
  3420 | D:4      | Reached XP level 7. HP: 36/46 MP: 1/9
  3462 | D:4      | Found a sand-covered staircase.
  3466 | Ossuary  | Entered an ossuary
  3733 | Ossuary  | Reached skill level 6 in Air Magic
  4386 | D:4      | Found a shadowy altar of Dithmenos.
  4621 | D:4      | Found a sparkling altar of Nemelex Xobeh.
  4811 | D:5      | Entered Level 5 of the Dungeon
  4852 | D:5      | Slain by a hound

Illustrated notes

Levels and vault maps discovered:
D:1:      evilmike_arrival_rings, layout_basic, minivault_25
D:2:      layout_basic, uniq_jessica, uniq_crazy_yiuf_cottage, uniq_terence
D:3:      layout_rooms, jmf_multi_god_temple
D:4:      layout_rooms, general_overflow_altar, nicolae_overflow_hidden_temple,
          nemelex_diamond_rough_becter, minmay_temple_entry_gardened_gates,
          serial_forest, infiniplex_forest_join, infiniplex_forest_end_1,
          infiniplex_forest_clump_diagonal, infiniplex_forest_clump_small,
          infiniplex_forest_lined_2, infiniplex_forest_clump_small,
          infiniplex_forest_lined_ring, lightli_ossuary_entry_decrepit_ruins,
          serial_shops, shop, hangedman_abyss_or_decor_stagger,
          grunt_ministairs_6, chequers_serial_rivers_large_b
D:5:      layout_cave_pools
Temple:   nicolae_temple_slightly_damp_pantheon

Skill      XL: |  1  2  3  4  5  6  7 |
---------------+----------------------+-----
Air Magic      | 4 5 6 |  6.7
Short Blades   | 1 3 4 |  4.5
Dodging        | |  2.0
Stealth        | |  2.0
Spellcasting   | |  2.0
Conjurations   | |  1.0

Action                     |  1- 3 |  4- 6 |  7- 9 || total
---------------------------+-------+-------+-------++-------
  Melee: Unarmed           |    10 |       |       ||    10
         Dagger            |     2 |   136 |    64 ||   202
         Punch             |       |     1 |     4 ||     5
   Cast: Shock             |    51 |    33 |    17 ||   101
         Static Discharge  |       |       |     8 ||     8
         Airstrike         |       |       |     7 ||     7
    Use: Scroll            |       |     7 |     1 ||     8
         Potion            |       |     5 |     2 ||     7
   Stab: Sleeping          |       |     3 |       ||     3
         Invisible         |       |     2 |     1 ||     3
 Armour: Robe              |     7 |    21 |    12 ||    40
  Dodge: Dodged            |    14 |    91 |    34 ||   139

Table legend: (Time is in decaauts)
 A = Elapsed time spent in this place.
 B = Non-inter-level travel time spent in this place.
 C = Inter-level travel time spent in this place.
 D = Time resting spent in this place.
 E = Time spent auto-exploring this place.
 F = Levels seen in this place.
 G = Mean time per level.
                   A        B        C        D        E       F      G
               +--------+--------+--------+--------+--------+-----+--------+
         Total |   4860 |   4741 |    119 |    991 |   2564 |   7 |  694.3 |
       Dungeon |   3980 |   3878 |    102 |    613 |   2381 |   5 |  796.0 |
        Temple |    146 |    129 |     17 |      0 |      0 |   1 |  146.0 |
       Ossuary |    733 |    733 |      0 |    378 |    183 |   1 |  733.0 |
               +--------+--------+--------+--------+--------+-----+--------+

Top non-repeatable levels by time:
     D:1: 1180 daAuts
     D:4: 1014 daAuts
     D:2: 910 daAuts
     D:3: 834 daAuts
 Ossuary: 733 daAuts
  Temple: 146 daAuts
     D:5: 40 daAuts
